Map: Dusk Towers

Players

ILLBdA - Winner!

  • Race: Protoss Protoss
  • League: Diamond

디비신기사

  • Race: Zerg Zerg
  • League: Diamond

VOD

Have the link to the VOD?

Description

Time

  • Played on: Dec. 11, 2015, 7:18 a.m.
  • Length: 3:33
Show
View Real Time Build Order
Export as new Build Order

ILLBdA Protoss - Winner!

Build Orders:  

Get SALT Encoding   

  12  0:01  Probe (Chrono Boost)  
  13  0:11  Probe (Chrono Boost)  
  14  0:27  Probe (Chrono Boost)  
  15  0:38  Pylon  
  15  0:56  Gateway  
  15  0:57  Gateway  
  15  0:59  Gateway  
  15  1:09  Gateway  
  15  1:16  Pylon  
  21  1:47  Zealot (Chrono Boost)  
  21  1:48  Zealot x2 (Chrono Boost)  
  21  1:55  Zealot (Chrono Boost)  
  23  2:14  Zealot (Chrono Boost)  
  29  2:15  Zealot (Chrono Boost)  
  29  2:16  Pylon, Zealot (Chrono Boost)  
  29  2:22  Zealot (Chrono Boost)  
  31  2:41  Zealot (Chrono Boost)  
  31  2:43  Zealot (Chrono Boost)  
  37  2:53  Zealot (Chrono Boost)  
  37  2:57  Pylon  
  31  3:01  Zealot (Chrono Boost)  
Show
View Real Time Build Order
Export as new Build Order

디비신기사 Zerg 

Build Orders: Hatch First 

Get SALT Encoding   

  12  0:01  Drone  
  13  0:08  Drone  
  14  0:17  Overlord  
  14  0:36  Drone x3  
  17  0:47  Drone  
  18  0:57  Hatchery  
  18  1:00  Drone  
  18  1:13  Spawning Pool  
  18  1:15  Extractor  
  18  1:16  Drone  
  17  1:22  Drone  
  18  1:42  Overlord  
  18  1:44  Drone  
  19  2:00  Zergling x2, Queen  
  22  2:07  Drone  
  23  2:10  Queen  
  23  2:11  Drone  
  23  2:14  Drone  
  27  2:22  Drone  
  28  2:25  Zergling x2  
  28  2:28  Spine Crawler  
  28  2:31  Spine Crawler  
  26  2:47  Zergling x2  
  26  2:51  Zergling x2  
  27  2:56  Zergling x2  
  21  3:06  Zergling x2  
  21  3:07  Zergling x2  
  16  3:14  Zergling x2  
Tags
 
Matchup
PvZ
Replay Pack
me
Add a new tag
Caveats
  • Supply blocks, unpowered buildings, or Contaminate may cause inaccurate times.
  • Supply counts are checked every 10 seconds.